MLB
SAN DIEGO PADRES @ ARIZONA DIAMONDBACKS
09/28/2019
 
TOP OF THE 1ST
San Diego Padres batting - Pitching for Arizona Diamondbacks : RHP Freddy Peralta
Pitching: RHP Freddy Peralta
Batting: RHB Lorenzo Cain 0-0: Ball
1-0: Ball
2-0: Fly out, F7 (Flyball, 7, EV 88.8 MPH)
Batting: RHB Jose Altuve 0-0: Swinging Strike
0-1: Ball
1-1: Ball
2-1: Swinging Strike
2-2: Ball
3-2: Strikes out swinging
Batting: RHB Mitch Haniger 0-0: Called Strike
0-1: Called Strike
0-2: Strikes out looking
Top of the 1st over - 0 runs, 0 hits, 0 errors, 0 left on base; San Diego 0 - Arizona 0
BOTTOM OF THE 1ST
Arizona Diamondbacks batting - Pitching for San Diego Padres : RHP Felix Pena
Pitching: RHP Felix Pena
Batting: LHB Alex Verdugo 0-0: Foul Ball, location: 2F
0-1: Foul Ball, location: 2F
0-2: Ball
1-2: SINGLE (Line Drive, 6MD, EV 109.4 MPH)
Batting: RHB Zack Short 0-0: Ball
1-0: Ball
2-0: Ball
3-0: Called Strike
3-1: Base on Balls
Alex Verdugo to second
Batting: RHB Gleyber Torres 0-0: Called Strike
0-1: Ball
1-1: Foul Ball, location: 2F
1-2: Grounds into double play, 4-6-3 (Groundball, 4, EV 100.0 MPH)
Alex Verdugo to third
Batting: LHB Ryan McMahon 0-0: Ball
1-0: Called Strike
1-1: Foul Ball, location: 2F
1-2: Ground out 4-3 (Groundball, 4S, EV 54.4 MPH)
Bottom of the 1st over - 0 runs, 1 hit, 0 errors, 1 left on base; San Diego 0 - Arizona 0
TOP OF THE 2ND
San Diego Padres batting - Pitching for Arizona Diamondbacks : RHP Freddy Peralta
Batting: SHB Carlos Santana 0-0: Swinging Strike
0-1: Ball
1-1: Foul Ball, location: 2F
1-2: Foul Ball, location: 2F
1-2: Ball
2-2: Ball
3-2: Base on Balls
Batting: SHB Johan Camargo 0-0: Swinging Strike
0-1: Called Strike
0-2: Fielders Choice at 2nd, 3-6 (Groundball, 3, EV 78.8 MPH)
Batting: RHB Yadier Molina Pickoff Throw to First - Out! 1-3
0-0: Ground out 5-3 (Groundball, 56, EV 91.3 MPH)
Top of the 2nd over - 0 runs, 0 hits, 0 errors, 0 left on base; San Diego 0 - Arizona 0
BOTTOM OF THE 2ND
Arizona Diamondbacks batting - Pitching for San Diego Padres : RHP Felix Pena
Batting: SHB Francisco Mejia 0-0: Called Strike
0-1: Ball
1-1: Foul Ball, location: 2F
1-2: Ball
2-2: Foul Ball, location: 2F
2-2: Strikes out swinging
Batting: LHB Josh Reddick 0-0: Ball
1-0: Ball
2-0: SINGLE (Line Drive, 89M, EV 101.3 MPH)
Batting: LHB Jake Cave 0-0: Fly out, F8 (Flyball, 8RXD, EV 88.8 MPH)
Batting: RHB Tim Beckham 0-0: Ball
1-0: Ball
2-0: SINGLE (Line Drive, 78M, EV 105.6 MPH)
Josh Reddick to second
Batting: RHB Freddy Peralta 0-0: Ground out 6-3 (Groundball, 6, EV 87.5 MPH)
Bottom of the 2nd over - 0 runs, 2 hits, 0 errors, 2 left on base; San Diego 0 - Arizona 0
TOP OF THE 3RD
San Diego Padres batting - Pitching for Arizona Diamondbacks : RHP Freddy Peralta
Batting: RHB Amed Rosario 0-0: Called Strike
0-1: Bunt - Flyout to 25! F5
Batting: RHB Felix Pena 0-0: Ball
1-0: Swinging Strike
1-1: Swinging Strike
1-2: Ball
2-2: Strikes out looking
Batting: RHB Jose Pirela 0-0: Ball
1-0: Ball
2-0: Called Strike
2-1: Ball
3-1: Base on Balls
Batting: RHB Lorenzo Cain 0-0: Ball
1-0: Called Strike
1-1: Fly out, F6 (Popup, 4MD, EV 50.6 MPH)
Top of the 3rd over - 0 runs, 0 hits, 0 errors, 1 left on base; San Diego 0 - Arizona 0
BOTTOM OF THE 3RD
Arizona Diamondbacks batting - Pitching for San Diego Padres : RHP Felix Pena
Batting: LHB Alex Verdugo 0-0: Ball
1-0: Foul Ball, location: 2F
1-1: Foul Ball, location: 2F
1-2: DOUBLE (Line Drive, 7LS, EV 108.8 MPH)
Batting: RHB Zack Short 0-0: Ball
1-0: Foul Ball, location: 2F
1-1: Foul Ball, location: 2F
1-2: Foul Ball, location: 2F
1-2: Ball
2-2: Foul Ball, location: 2F
2-2: Ball
3-2: Foul Ball, location: 2F
3-2: Base on Balls
Batting: RHB Gleyber Torres 0-0: Ball
1-0: Ball
2-0: Called Strike
2-1: Ball
3-1: SINGLE (Line Drive, 89M, EV 93.8 MPH)
Alex Verdugo to third
Zack Short to second
Batting: LHB Ryan McMahon 0-0: Called Strike
0-1: Ball
1-1: Called Strike
1-2: SINGLE (Line Drive, 8LS, EV 87.5 MPH)
Alex Verdugo scores
Zack Short to third
Gleyber Torres to second
Batting: SHB Francisco Mejia 0-0: Ball
1-0: Called Strike
1-1: Swinging Strike
1-2: Foul Ball, location: 2F
1-2: Fly out, F7 (Flyball, 78S, EV 81.9 MPH)
Batting: LHB Josh Reddick 0-0: Ball
1-0: Foul Ball, location: 2F
1-1: Grounds into double play, 4-6-3 (Groundball, 4, EV 85.0 MPH)
Bottom of the 3rd over - 1 run, 3 hits, 0 errors, 2 left on base; San Diego 0 - Arizona 1
TOP OF THE 4TH
San Diego Padres batting - Pitching for Arizona Diamondbacks : RHP Freddy Peralta
Batting: RHB Jose Altuve 0-0: Ball
1-0: Foul Ball, location: 2F
1-1: Ball
2-1: Ball
3-1: Foul Ball, location: 2F
3-2: Strikes out swinging
Batting: RHB Mitch Haniger 0-0: Ball
1-0: Called Strike
1-1: Called Strike
1-2: Ball
2-2: Foul Ball, location: 2F
2-2: Foul Ball, location: 2F
2-2: Fly out, F7 (Flyball, 7LM, EV 87.5 MPH)
Batting: SHB Carlos Santana 0-0: Ball
1-0: Ball
2-0: Ball
3-0: Called Strike
3-1: Called Strike
3-2: DOUBLE (Line Drive, 78D, EV 106.9 MPH)
Batting: SHB Johan Camargo 0-0: Ball
1-0: Ball
2-0: Swinging Strike
2-1: Ball
3-1: Foul Ball, location: 2F
3-2: Base on Balls
Batting: RHB Yadier Molina 0-0: Fly out, F5 (Line Drive, 5, EV 61.3 MPH)
Top of the 4th over - 0 runs, 1 hit, 0 errors, 2 left on base; San Diego 0 - Arizona 1
BOTTOM OF THE 4TH
Arizona Diamondbacks batting - Pitching for San Diego Padres : RHP Felix Pena
Batting: LHB Jake Cave 0-0: Ball
1-0: Ground out 6-3 (Groundball, 4, EV 86.3 MPH)
Batting: RHB Tim Beckham 0-0: Ball
1-0: Foul Ball, location: 2F
1-1: Ball
2-1: Swinging Strike
2-2: Foul Ball, location: 2F
2-2: Strikes out swinging
Batting: RHB Freddy Peralta 0-0: Ball
1-0: Foul Ball, location: 2F
1-1: Swinging Strike
1-2: Ground out 5-3 (Groundball, 5, EV 92.5 MPH)
Bottom of the 4th over - 0 runs, 0 hits, 0 errors, 0 left on base; San Diego 0 - Arizona 1
TOP OF THE 5TH
San Diego Padres batting - Pitching for Arizona Diamondbacks : RHP Freddy Peralta
Batting: RHB Amed Rosario 0-0: Ball
1-0: Foul Ball, location: 2F
1-1: Ball
2-1: Foul Ball, location: 2F
2-2: Strikes out swinging
Batting: RHB Felix Pena 0-0: Ball
1-0: Foul Ball, location: 2F
1-1: Called Strike
1-2: Ball
2-2: Strikes out swinging
Batting: RHB Jose Pirela 0-0: Ball
1-0: SINGLE (Groundball, 6M, EV 87.5 MPH) (infield hit)
Batting: RHB Lorenzo Cain 0-0: Ball
1-0: Foul Ball, location: 2F
1-1: Ball
Pickoff Throw to First - Error! E1
Jose Pirela to second
2-1: Foul Ball, location: 2F
2-2: Strikes out swinging
Top of the 5th over - 0 runs, 1 hit, 1 error, 1 left on base; San Diego 0 - Arizona 1
BOTTOM OF THE 5TH
Arizona Diamondbacks batting - Pitching for San Diego Padres : RHP Felix Pena
Batting: LHB Alex Verdugo 0-0: Called Strike
0-1: Called Strike
0-2: Foul Ball, location: 2F
0-2: SINGLE (Groundball, 4MD, EV 98.1 MPH)
Batting: RHB Zack Short 0-0: Ball
1-0: Foul Ball, location: 2F
1-1: Swinging Strike
1-2: 2-RUN HOME RUN (Flyball, 89XD, EV 91.9 MPH), Distance : 426 ft
Batting: RHB Gleyber Torres 0-0: Called Strike
0-1: Ball
1-1: Ground out 6-3 (Groundball, 6, EV 85.6 MPH)
Batting: LHB Ryan McMahon 0-0: Ground out 1-3 (Groundball, 13, EV 68.1 MPH)
Batting: SHB Francisco Mejia 0-0: Ball
1-0: Ball
2-0: Ball
3-0: Base on Balls
Batting: LHB Josh Reddick 0-0: Ball
1-0: Ball
2-0: Foul Ball, location: 2F
2-1: Fly out, F8 (Flyball, 89M, EV 88.8 MPH)
Bottom of the 5th over - 2 runs, 2 hits, 0 errors, 1 left on base; San Diego 0 - Arizona 3
TOP OF THE 6TH
San Diego Padres batting - Pitching for Arizona Diamondbacks : RHP Freddy Peralta
Batting: RHB Jose Altuve 0-0: Ball
1-0: Ball
2-0: Ball
3-0: Reached on error, E1 (Groundball, 15, EV 74.4 MPH)
Batting: RHB Mitch Haniger 0-0: Called Strike
0-1: SINGLE (Groundball, 6MD, EV 99.4 MPH)
Jose Altuve to second
Batting: SHB Carlos Santana 0-0: Ball
1-0: Called Strike
1-1: Foul Ball, location: 2F
1-2: Ball
2-2: Strikes out swinging
Pitching: LHP Dan Jennings
Batting: SHB Johan Camargo 0-0: Called Strike
0-1: Called Strike
0-2: Fielders Choice at 2nd, 6-4 (Groundball, 6, EV 76.3 MPH)
Jose Altuve to third
Batting: RHB Yadier Molina 0-0: Ball
1-0: Called Strike
Johan Camargo steals 2nd base
1-1: Foul Ball, location: 2F
1-2: SINGLE (Line Drive, 78M, EV 111.3 MPH)
Jose Altuve scores
Johan Camargo to third
Batting: RHB Amed Rosario 0-0: Swinging Strike
0-1: Swinging Strike
0-2: Ball
1-2: Ball
2-2: SINGLE (Groundball, 4MD, EV 111.3 MPH)
Johan Camargo scores
Yadier Molina to second
Pinch Hitting: RHB Hunter Renfroe 0-0: Ball
1-0: Foul Ball, location: 2F
1-1: Fly out, F7 (Flyball, 7D, EV 96.9 MPH)
Top of the 6th over - 2 runs, 3 hits, 1 error, 2 left on base; San Diego 2 - Arizona 3
BOTTOM OF THE 6TH
Arizona Diamondbacks batting - Pitching for San Diego Padres : RHP Felix Pena
Pitching: RHP Cam Bedrosian
Batting: LHB Jake Cave 0-0: Ball
1-0: Called Strike
1-1: Fly out, F8 (Flyball, 8LD, EV 102.5 MPH)
Batting: RHB Tim Beckham 0-0: Ball
1-0: SINGLE (Line Drive, 78S, EV 103.1 MPH)
Pinch Hitting: LHB Socrates Brito 0-0: Foul Ball, location: 2F
0-1: Ball
1-1: Called Strike
1-2: Strikes out swinging
Batting: LHB Alex Verdugo 0-0: SINGLE (Groundball, 4MD, EV 95.6 MPH)
Tim Beckham to second
Batting: RHB Zack Short 0-0: Ball
1-0: Called Strike
1-1: Foul Ball, location: 2F
1-2: SINGLE (Groundball, 6MD, EV 97.5 MPH)
Tim Beckham to third
Alex Verdugo to second
Runner from 3rd tries for Home, SAFE, no throw by CF
Batting: RHB Gleyber Torres 0-0: Ball
1-0: Called Strike
1-1: Called Strike
1-2: Strikes out swinging
Bottom of the 6th over - 1 run, 3 hits, 0 errors, 2 left on base; San Diego 2 - Arizona 4
TOP OF THE 7TH
San Diego Padres batting - Pitching for Arizona Diamondbacks : LHP Dan Jennings
Pitching: RHP Nick Gardewine
Batting: RHB Jose Pirela 0-0: Ball
1-0: Ball
2-0: Swinging Strike
2-1: Ground out 4-3 (Groundball, 4, EV 84.4 MPH)
Batting: RHB Lorenzo Cain 0-0: Fly out, F3 (Popup, 3SF, EV 86.9 MPH)
Batting: RHB Jose Altuve 0-0: Ball
1-0: Ball
2-0: Ball
3-0: Ground out 5-3 (Groundball, 56S, EV 80.0 MPH)
Top of the 7th over - 0 runs, 0 hits, 0 errors, 0 left on base; San Diego 2 - Arizona 4
BOTTOM OF THE 7TH
Arizona Diamondbacks batting - Pitching for San Diego Padres : RHP Cam Bedrosian
Pitching: LHP Donnie Hart
Batting: LHB Ryan McMahon 0-0: Foul Ball, location: 2F
0-1: Ball
1-1: Ball
2-1: Ball
3-1: SINGLE (Groundball, 6D, EV 102.5 MPH)
Batting: SHB Francisco Mejia 0-0: Swinging Strike
0-1: Swinging Strike
0-2: Fly out, F9 (Flyball, 89M, EV 91.3 MPH)
Batting: LHB Josh Reddick 0-0: Ground out 4-3 (Groundball, 4M, EV 110.0 MPH)
Ryan McMahon to second
Batting: LHB Jake Cave 0-0: Ball
1-0: Foul Ball, location: 2F
1-1: Foul Ball, location: 2F
1-2: Ball
2-2: Strikes out swinging
Bottom of the 7th over - 0 runs, 1 hit, 0 errors, 1 left on base; San Diego 2 - Arizona 4
TOP OF THE 8TH
San Diego Padres batting - Pitching for Arizona Diamondbacks : RHP Nick Gardewine
Pitching: RHP Jairo Diaz
Batting: RHB Mitch Haniger 0-0: Foul Ball, location: 2F
0-1: Fly out, F9 (Flyball, 9D, EV 102.5 MPH)
Batting: SHB Carlos Santana 0-0: Called Strike
0-1: Fly out, F9 (Flyball, 89S, EV 85.0 MPH)
Batting: SHB Johan Camargo 0-0: Foul Ball, location: 2F
0-1: SOLO HOME RUN (Line Drive, 9D, EV 106.9 MPH), Distance : 380 ft
Batting: RHB Yadier Molina 0-0: Called Strike
0-1: Swinging Strike
0-2: Foul Ball, location: 2F
0-2: Ball
1-2: Foul Ball, location: 2F
1-2: Strikes out swinging
Top of the 8th over - 1 run, 1 hit, 0 errors, 0 left on base; San Diego 3 - Arizona 4
BOTTOM OF THE 8TH
Arizona Diamondbacks batting - Pitching for San Diego Padres : LHP Donnie Hart
Pitching: RHP Archie Bradley
Batting: RHB Tim Beckham 0-0: Swinging Strike
0-1: Foul Ball, location: 2F
0-2: Ball
1-2: Strikes out swinging
Pinch Hitting: LHB Tyler Wade 0-0: Fly out, F9 (Flyball, 89S, EV 82.5 MPH)
Batting: LHB Alex Verdugo 0-0: Swinging Strike
0-1: Ball
1-1: Swinging Strike
1-2: Foul Ball, location: 2F
1-2: Ball
2-2: Ball
3-2: Foul Ball, location: 2F
3-2: Base on Balls
Batting: RHB Zack Short 0-0: SINGLE (Groundball, 56D, EV 106.9 MPH)
Alex Verdugo to second
Batting: RHB Gleyber Torres 0-0: Called Strike
0-1: Ball
1-1: Ground out 4-3 (Groundball, 4, EV 90.6 MPH)
Bottom of the 8th over - 0 runs, 1 hit, 0 errors, 2 left on base; San Diego 3 - Arizona 4
TOP OF THE 9TH
San Diego Padres batting - Pitching for Arizona Diamondbacks : RHP Jairo Diaz
Pitching: RHP Raynel Espinal
Batting: RHB Amed Rosario 0-0: Ball
1-0: Called Strike
1-1: Swinging Strike
1-2: Strikes out swinging
Pinch Hitting: LHB Brad Miller 0-0: Ball
1-0: Foul Ball, location: 2F
1-1: Ball
2-1: Ball
3-1: Foul Ball, location: 2F
3-2: Strikes out swinging
Batting: RHB Jose Pirela 0-0: Foul Ball, location: 2F
0-1: Foul Ball, location: 2F
0-2: Ball
1-2: Ball
2-2: Foul Ball, location: 2F
2-2: Strikes out swinging
Top of the 9th over - 0 runs, 0 hits, 0 errors, 0 left on base; San Diego 3 - Arizona 4
Monday, January 6th, 2020 - OOTP Baseball 20.8 Build 73